[Event "CCT Chessable Masters D-III 2024"]
[Site "Online"]
[Date "2024.02.02"]
[Round "1"]
[White "Lysyj, Igor"]
[Black "Dreev, Aleksey"]
[Result "1-0"]
[ECO "E11"]
[WhiteElo "2589"]
[BlackElo "2606"]
[Annotator "ChessBase"]
[PlyCount "57"]
[EventDate "2024.01.12"]
[EventType "k.o."]
[EventCountry "NET"]
[SourceTitle "playchess.com"]
[Source "ChessBase"]
[SourceQuality "1"]
[TimeControl "600+2"]

1. d4 d5 2. c4 e6 3. Nf3 Nf6 4. g3 dxc4 5. Bg2 Bb4+ 6. Bd2 a5 7. Qc2 b6 8. O-O O-O 9. Rd1 Bb7 10. Bg5 Nbd7 11. Ne5 Bxg2 12. Kxg2 Qc8 13. Qxc4 Nxe5 14. dxe5 Qb7+ 15. f3 b5 16. Qc2 Nd5 17. e4 Be7 18. exd5 Bxg5 19. Nc3 exd5 20. h4 Bd8 21. Nxd5 c6 22. Ne3 Re8 23. Qe4 Be7 24. Rac1 Rac8 25. e6 Rcd8 26. exf7+ Kxf7 27. Qxh7 Bf6 28. Ng4 Re2+ 29. Kh3 1-0

[Event "CCT Chessable Masters D-III 2024"]
[Site "Online"]
[Date "2024.02.02"]
[Round "1"]
[White "stSecond"]
[Black "Deac, Bogdan-Daniel"]
[Result "1-0"]
[ECO "D00"]
[WhiteElo "2554"]
[BlackElo "2690"]
[Annotator "TA"]
[PlyCount "75"]
[EventDate "2024.01.12"]
[EventType "k.o."]
[EventCountry "NET"]
[SourceTitle "playchess.com"]
[Source "ChessBase"]
[SourceQuality "1"]
[TimeControl "600+2"]

1. d4 Nf6 2. Bg5 d5 3. Bxf6 exf6 4. e3 Be6 5. Nd2 c6 6. Ne2 Bd6 7. g3 Qb6 8. Rb1 {[%emt 0:00:13] The position is equal.} Nd7 9. Nf4 Bxf4 10. gxf4 f5 11. c3 O-O 12. Qh5 Nf6 13. Qh4 Qd8 14. Rg1 g6 15. Nf3 Kg7 16. Bd3 Qe7 17. Ng5 Rae8 18. Qh3 Rh8 19. Rg2 Ne4 20. Nf3 f6 21. Ke2 Qf8 22. Rbg1 Kf7 23. Nd2 Ke7 (23... c5 $15) 24. Nb3 b6 25. Rc1 Kd7 26. Rgg1 g5 (26... Kc7 {simplifies} 27. Qf1 Rg8 28. f3 Nd6) 27. c4 $1 dxc4 28. Bxc4 Qd6 {[%emt 0:00:01][%mdl 8192] Loses the game.} ({Black should play} 28... Bxc4+ $14 29. Rxc4 g4) 29. Bxe6+ (29. d5 $142 cxd5 30. Bb5+ Kd8 31. Nd4) 29... Qxe6 $2 {[%emt 0:00:01] [#]} (29... Kxe6 30. d5+ (30. f3 g4 $16) 30... Qxd5) 30. d5 $1 $18 {[%emt 0:00:02][%mdl 512] White is clearly winning.} Qf7 31. Qxf5+ Kd8 32. Rxc6 {[%emt 0:00:03] Strongly threatening Rgc1.} Qd7 33. Qxd7+ Kxd7 34. fxg5 fxg5 35. Rgc1 Rhf8 36. f3 Nd6 37. Rc7+ Kd8 38. Nd4 {[%emt 0:00:02] Against Rf5.   Weighted Error Value: White=0.38/Black=0.52.  Loses game:     	---       	Black=1      Mistake:       	White=1     	Black=2      Inaccurate:     	White=3     	Black=5      OK:         	White=6     	Black=11     Strong:       	White=1     	---        Brilliant:      	White=1     	---} 1-0

[Event "CCT Chessable Masters D-III 2024"]
[Site "Online"]
[Date "2024.02.02"]
[Round "1"]
[White "kpio91"]
[Black "rasmussvane"]
[Result "1-0"]
[ECO "C65"]
[WhiteElo "2418"]
[BlackElo "2611"]
[Annotator "NA"]
[PlyCount "129"]
[EventDate "2024.01.12"]
[EventType "k.o."]
[EventCountry "NET"]
[SourceTitle "playchess.com"]
[Source "ChessBase"]
[SourceQuality "1"]
[TimeControl "600+2"]

1. e4 e5 2. Nf3 Nc6 3. Bb5 Nf6 4. d3 Bc5 5. Bxc6 dxc6 6. Nbd2 Be6 7. h3 Nd7 8. Nf1 f6 9. Be3 Qe7 10. Qe2 O-O-O 11. Bxc5 Nxc5 12. Ne3 Bf7 13. Nf5 Qf8 14. Qe3 Kb8 15. g4 Ne6 16. O-O-O c5 17. Kb1 Nd4 18. N3xd4 cxd4 19. Qd2 g6 20. Ng3 Rd6 21. Ne2 Rb6 22. c4 dxc3 23. Nxc3 Qb4 24. Qc2 Rd8 25. Rhf1 g5 26. Rc1 a6 27. Rfd1 Ka7 28. Ka1 Rdd6 29. Qe2 Rdc6 30. Nb1 Qa5 31. Na3 Qb4 32. Nc4 Rb5 33. Rc3 Bxc4 34. dxc4 Rbc5 35. a3 Qa4 36. Rdc1 Rd6 37. Ka2 Rd4 38. f3 Qd7 39. R1c2 Rc6 40. c5 Re6 41. Rc4 Rd1 42. c6 Rxc6 43. Rxc6 bxc6 44. Rxc6 Qxc6 45. Qxd1 a5 46. Qd3 a4 47. Kb1 h6 48. Qc2 Qd7 49. Qc5+ Kb7 50. Kc2 Ka6 51. Qc4+ Kb6 52. b3 axb3+ 53. Qxb3+ Ka7 54. Qc4 Kb6 55. Kc3 c5 56. Qb3+ Ka5 57. Qd5 Qc7 58. Kc4 Ka4 59. Qa8+ Qa5 60. Qxa5+ Kxa5 61. Kxc5 Ka4 62. Kd6 Kxa3 63. Ke6 Kb4 64. Kxf6 Kc4 65. Kxe5 1-0

[Event "CCT Chessable Masters D-III 2024"]
[Site "Online"]
[Date "2024.02.02"]
[Round "1"]
[White "Sethu Madhav Upadhyayula"]
[Black "youngKID"]
[Result "0-1"]
[ECO "B32"]
[WhiteElo "1502"]
[BlackElo "2544"]
[Annotator "ChessBase"]
[PlyCount "86"]
[EventDate "2024.01.12"]
[EventType "k.o."]
[EventCountry "NET"]
[SourceTitle "playchess.com"]
[Source "ChessBase"]
[SourceQuality "1"]
[TimeControl "600+2"]

1. e4 c5 2. Nf3 Nc6 3. d4 cxd4 4. Nxd4 e5 5. Nb5 d6 6. c4 g6 7. N1c3 a6 8. Na3 Nf6 9. Nc2 Be6 10. Be2 Bg7 11. Be3 Rc8 12. O-O Na5 13. b3 b5 14. Nd5 Bxd5 15. exd5 bxc4 16. b4 Nb7 17. Na3 a5 18. Nxc4 axb4 19. Nb6 Rb8 20. Qa4+ Kf8 21. Qxb4 Nc5 22. Bxc5 dxc5 23. Qxc5+ Kg8 24. Rab1 Ne4 25. Qe3 Nd6 26. Nc4 Nf5 27. Qa7 Ra8 28. Qb7 Bf6 29. Bd3 Nd4 30. Nd6 Be7 31. Nc4 Rxa2 32. Nxe5 Kg7 33. Bc4 Rc2 34. d6 Qxd6 35. Nxf7 Qf6 36. Nxh8 Rxc4 37. Rfe1 Nc6 38. Rb6 Kxh8 39. h3 Rc2 40. Rf1 Bc5 41. Qc8+ Kg7 42. Rb7+ Kh6 43. Qd7 Ne7 0-1

[Event "CCT Chessable Masters D-III 2024"]
[Site "Online"]
[Date "2024.02.02"]
[Round "2"]
[White "Grischuk, Alexander"]
[Black "Rakhmanov_Aleksandr"]
[Result "0-1"]
[ECO "A54"]
[WhiteElo "2732"]
[BlackElo "2630"]
[Annotator "RC"]
[PlyCount "148"]
[EventDate "2024.01.12"]
[EventType "k.o."]
[EventCountry "NET"]
[SourceTitle "playchess.com"]
[Source "ChessBase"]
[SourceQuality "1"]
[TimeControl "600+2"]

1. d4 Nf6 2. c4 d6 3. Nc3 e5 4. Nf3 e4 5. Ng5 Qe7 6. Qc2 Nc6 7. Be3 Bf5 8. Nd5 Nxd5 9. cxd5 Nd8 10. g4 Bxg4 11. Nxe4 Bh5 12. h4 Bg6 13. f3 c6 14. dxc6 Nxc6 15. h5 Bxe4 16. fxe4 Qd8 17. O-O-O Be7 18. Kb1 Bg5 19. Bf2 h6 20. e3 O-O 21. Bc4 Rc8 22. Qd3 a6 23. a3 b5 24. Bd5 b4 25. a4 b3 26. Rc1 Nb4 27. Qxb3 Rb8 28. Qc3 Qe8 29. b3 Nxd5 30. exd5 Qe4+ 31. Ka2 Qxd5 32. Qc4 Qg2 33. Qe2 Rfe8 34. Rhg1 Qd5 35. Rc4 f5 36. Qd3 Kh7 37. Rf1 Re4 38. Bg1 Rbe8 39. Rc2 Kh8 40. Qxa6 Bxe3 41. Bxe3 Rxe3 42. Qc4 Qe4 43. d5 Qe5 44. Qf4 Qxd5 45. Qc4 Qe5 46. Rd1 f4 47. Rd5 Qe6 48. Qd4 Re2 49. Rxe2 Qxe2+ 50. Ka3 f3 51. Rxd6 Qe3 52. Qxe3 Rxe3 53. Rd8+ Kh7 54. Rf8 g5 55. hxg6+ Kg7 56. Rf4 Kxg6 57. a5 Kg5 58. Rf8 Kg4 59. Ka4 h5 60. a6 Re1 61. Kb5 h4 62. a7 Ra1 63. a8=Q Rxa8 64. Rxa8 f2 65. Ra1 Kf3 66. Kc4 Ke2 67. Ra2+ Ke3 68. Ra1 Ke2 69. Ra2+ Kf3 70. Ra1 Kg2 71. b4 h3 72. b5 h2 73. b6 h1=Q 74. Rxh1 Kxh1 0-1

[Event "CCT Chessable Masters D-III 2024"]
[Site "Online"]
[Date "2024.02.02"]
[Round "2"]
[White "Grischuk, Alexander"]
[Black "Rakhmanov_Aleksandr"]
[Result "1-0"]
[ECO "D02"]
[WhiteElo "2732"]
[BlackElo "2633"]
[Annotator "TA"]
[PlyCount "71"]
[EventDate "2024.01.12"]
[EventType "k.o."]
[EventCountry "NET"]
[SourceTitle "playchess.com"]
[Source "ChessBase"]
[SourceQuality "1"]
[TimeControl "600+2"]

1. d4 d5 2. Nf3 e6 3. Bf4 Bd6 4. e3 Bxf4 5. exf4 Qd6 6. Qc1 b6 7. c3 Ba6 8. Bxa6 {[%emt 0:00:05] The position is equal.} Nxa6 9. Na3 Ne7 10. Nc2 c5 11. g3 Rc8 12. O-O O-O 13. Re1 Rc7 14. Qd2 b5 15. a3 Qb6 16. Kg2 Rfc8 17. Re2 h6 18. h4 cxd4 19. Ncxd4 Nc5 20. g4 (20. f5 $14) 20... a5 (20... Ne4 $15 21. Qe1 Ng6 22. Rxe4 dxe4 23. Qxe4 Qd6) 21. h5 b4 22. cxb4 axb4 23. a4 (23. Qxb4 $11 Qxb4 24. axb4) 23... Ne4 24. Qe3 Nc6 {[%emt 0:00:11] [#] Prevents Ne5} (24... Qa6 $11 {keeps the balance.}) 25. Nb5 $1 $16 Qxe3 26. fxe3 Rd7 {[%emt 0:00:20] [#]} (26... Rb7 $16 {was called for.}) 27. Rc1 $1 $36 {[%emt 0:00:04][%mdl 2048] White is on the roll.} Ne7 28. Rec2 Ra8 29. Ne5 Rdd8 {[%emt 0:00:19] Loses the game.} (29... b3 $16) 30. Rc7 Kf8 31. b3 Nc3 (31... Rac8 {keeps fighting.} 32. Nd7+ Ke8) 32. Nxc3 bxc3 33. R1xc3 {[%emt 0:00:05] Black must now prevent Rb7.} d4 34. exd4 Rxd4 35. Kg3 {[%emt 0:00:17][%cal Oc7e7] Rxe7! is the strong threat.} Rb4 $2 {[%emt 0:00:14] [#]} (35... Rd1 36. Rb7 Nd5 37. Rxf7+ Kg8) 36. Rxe7 $1 {[%emt 0:00:05][%mdl 512] Weighted Error Value: White=0.17 (very precise) /Black=0.35.  Mistake:       	White=2     	Black=6      Inaccurate:     	White=2     	Black=3      OK:         	White=7     	Black=8      Strong:       	White=2     	---        Brilliant:      	White=1     	---} 1-0

[Event "CCT Chessable Masters D-III 2024"]
[Site "Online"]
[Date "2024.02.02"]
[Round "2"]
[White "Sarana, Alexey"]
[Black "kpio91"]
[Result "1-0"]
[ECO "E49"]
[WhiteElo "2695"]
[BlackElo "2442"]
[Annotator "NA"]
[PlyCount "81"]
[EventDate "2024.01.12"]
[EventType "k.o."]
[EventCountry "NET"]
[SourceTitle "playchess.com"]
[Source "ChessBase"]
[SourceQuality "1"]
[TimeControl "600+2"]

1. d4 Nf6 2. c4 e6 3. Nc3 Bb4 4. e3 O-O 5. Bd3 d5 6. a3 Bxc3+ 7. bxc3 c6 8. Ne2 b6 9. f3 Ba6 10. cxd5 cxd5 11. e4 Qc8 12. Bg5 Bxd3 13. Qxd3 Nbd7 14. e5 h6 15. Bxf6 gxf6 16. f4 Kh8 17. O-O f5 18. Kh1 Rg8 19. a4 Nb8 20. Rfc1 Nc6 21. c4 Qd7 22. c5 Rab8 23. Rc3 bxc5 24. Rxc5 Rb2 25. Rac1 Nd8 26. R5c2 Rxc2 27. Qxc2 Qb7 28. h3 Qa6 29. Kh2 Nc6 30. Qd1 Qb6 31. Rb1 Nb4 32. Ng3 a5 33. Nh5 Rc8 34. Nf6 Rc3 35. Qh5 Kg7 36. Ne8+ Kf8 37. Nd6 Qc7 38. Qxh6+ Ke7 39. Qf6+ Kf8 40. Qh8+ Ke7 41. Qe8# 1-0

[Event "CCT Chessable Masters D-III 2024"]
[Site "Online"]
[Date "2024.02.02"]
[Round "2"]
[White "Matlakov, Maxim"]
[Black "Lysyj, Igor"]
[Result "1-0"]
[ECO "E05"]
[WhiteElo "2662"]
[BlackElo "2589"]
[Annotator "TA"]
[PlyCount "87"]
[EventDate "2024.01.12"]
[EventType "k.o."]
[EventCountry "NET"]
[SourceTitle "playchess.com"]
[Source "ChessBase"]
[SourceQuality "1"]
[TimeControl "600+2"]

1. d4 d5 2. c4 e6 3. Nf3 Nf6 4. g3 Be7 5. Bg2 O-O 6. O-O dxc4 7. Qc2 a6 8. a4 $1 {[%emt 0:00:01] 8.a4 scores better than 8.Qxc4.} Bd7 9. Bg5 {[%emt 0:00:08] E05: Open Catalan: 5 Nf3 Be7.} Bc6 10. Rd1 b5 11. Bxf6 Bxf6 12. Nc3 Qe8 13. h4 g6 14. h5 Nd7 15. h6 Nb6 16. a5 Nd7 $146 ({Predecessor:} 16... Nd5 17. Ne4 Be7 18. Ne5 Nb4 19. Qd2 Bxe4 20. Bxe4 Rd8 21. Qc1 f6 22. Nf3 g5 {0-1 Abdusattorov,N (2725)-So,W (2769) Aimchess Rapid Div 1 W 2023 (1.3)}) 17. b3 cxb3 18. Qxb3 Bb7 19. Qc2 (19. Ne5 $1 $15 Bxg2 20. Nxd7 Qxd7 21. Kxg2) 19... c5 $17 20. Ne4 {[%emt 0:00:33] [#]} Bxe4 $1 21. Qxe4 cxd4 (21... Qe7 $17 {...c4 is the strong threat.} 22. Qb7 Rfb8) 22. Nxd4 $15 Rc8 23. Rac1 Rxc1 24. Rxc1 Bg5 25. Rc7 (25. Rc6 Bxh6 26. e3 (26. Rxa6 $2 Nc5 $17) 26... Nb8 $15) 25... Bxh6 26. Qh4 (26. Qb7 {simplifies} Ne5 27. Nc6 Nxc6 28. Rxc6 Bd2 29. Rxa6 h5 30. Ra7) 26... Bg7 $1 (26... Qd8 $2 27. Qxd8 Rxd8 28. Nc6 $18) 27. Bc6 g5 (27... Bxd4 $2 28. Qxd4 (28. Bxd7 $2 Qb8 $19) 28... Qd8 29. Qxd7 $18) (27... Bf6 $1 $11 {remains equal.} 28. Bxd7 Qd8 (28... Bxh4 29. Bxe8 Bf6 30. Bxb5 $14) 29. Nxe6 Bxh4 30. Nxd8 Bxd8) 28. Qxg5 $16 Qd8 29. Qxd8 (29. Rxd7 $2 Qxg5 30. Bf3 Bxd4 (30... Qc1+ $2 31. Kg2 $19) 31. Rxd4 Qc1+ 32. Kg2 Qa1 33. Rg4+ Kh8 $19) 29... Rxd8 30. Nxe6 ({Don't take} 30. Rxd7 $6 Rxd7 31. Bxd7 Bxd4 $11) 30... fxe6 31. Bxd7 Bf8 (31... Kf8 $16 {might work better.} 32. Bxe6 Rd1+ 33. Kg2 Rd6 34. Rf7+ Kg8) 32. Ra7 Kh8 33. Bxe6 Rd6 34. Bc8 b4 $2 (34... Rd1+ 35. Kg2 Rd2 36. Rxa6 (36. Bxa6 Rxe2 37. Rf7 Bb4 $16) 36... Rxe2) 35. Bxa6 $18 Rd1+ 36. Kg2 Bc5 37. Rb7 Ra1 38. Rb5 Bd6 39. Bb7 Kg7 40. Be4 Ra2 41. Bd3 Kf6 42. f4 h5 (42... Bc7 $142 43. Rxb4 (43. Bxh7 Rxe2+ 44. Kf3 Ra2 $18) (43. a6 Rxa6 44. Rxb4 Re6 $18) 43... Bxa5) 43. Kf3 Ra4 (43... Ra3 $142 44. Rxh5 Ra1) 44. e4 1-0

[Event "CCT Chessable Masters D-III 2024"]
[Site "Online"]
[Date "2024.02.02"]
[Round "2"]
[White "MashaPutina"]
[Black "Indjic, Aleksandar"]
[Result "1/2-1/2"]
[ECO "A62"]
[WhiteElo "2640"]
[BlackElo "2595"]
[Annotator "ChessBase"]
[PlyCount "165"]
[EventDate "2024.01.12"]
[EventType "k.o."]
[EventCountry "NET"]
[SourceTitle "playchess.com"]
[Source "ChessBase"]
[SourceQuality "1"]
[TimeControl "600+2"]

1. d4 Nf6 2. c4 e6 3. Nf3 c5 4. d5 d6 5. Nc3 exd5 6. cxd5 g6 7. g3 Bg7 8. Bg2 O-O 9. O-O Re8 10. Re1 h6 11. h3 a6 12. a4 Ne4 13. Nxe4 Rxe4 14. Qc2 Bf5 15. g4 Rxg4 16. e4 Rxg2+ 17. Kxg2 Bc8 18. Bf4 b6 19. Bg3 Bb7 20. Rad1 b5 21. e5 dxe5 22. Nxe5 c4 23. Kh2 Nd7 24. Nc6 Qf6 25. Qe4 Nc5 26. Qe7 Bxc6 27. Qxc5 Bd7 28. d6 Bf8 29. Re7 Qf3 30. Qd5 Qxd5 31. Rxd5 Bc6 32. Rde5 Bxe7 33. Rxe7 bxa4 34. Rc7 Bb5 35. d7 Bxd7 36. Rxd7 c3 37. bxc3 a3 38. Rd2 Rc8 39. Be5 g5 40. Kg3 Rc5 41. f4 Kh7 42. Ra2 Ra5 43. c4 Kg6 44. Bd6 Ra4 45. c5 Kf5 46. fxg5 hxg5 47. c6 Rc4 48. c7 Ke6 49. Bxa3 Rxc7 50. Bb4 Rc6 51. Bd2 f6 52. Be3 Kf5 53. Ra5+ Kg6 54. Rd5 Re6 55. Bd4 Rc6 56. Rd8 Re6 57. Kf3 Rc6 58. Ke4 Re6+ 59. Kd5 Re1 60. Rd6 Rf1 61. Ke4 a5 62. Ra6 a4 63. Rxa4 Rf4+ 64. Kd5 Rf3 65. Ra6 Rxh3 66. Rxf6+ Kh5 67. Be5 Kg4 68. Rf1 Rf3 69. Rh1 Kf5 70. Rh8 g4 71. Rg8 Rd3+ 72. Bd4 Rf3 73. Bc5 Rd3+ 74. Bd4 Rf3 75. Rf8+ Kg5 76. Re8 Kf5 77. Re5+ Kf4 78. Re4+ Kg5 79. Ke6 g3 80. Be3+ Kh5 81. Bg1 Rf1 82. Bc5 g2 83. Ra4 1/2-1/2

[Event "CCT Chessable Masters D-III 2024"]
[Site "Online"]
[Date "2024.02.02"]
[Round "2"]
[White "Rakhmanov_Aleksandr"]
[Black "Grischuk, Alexander"]
[Result "1/2-1/2"]
[ECO "D14"]
[WhiteElo "2632"]
[BlackElo "2732"]
[Annotator "RC"]
[PlyCount "56"]
[EventDate "2024.01.12"]
[EventType "k.o."]
[EventCountry "NET"]
[SourceTitle "playchess.com"]
[Source "ChessBase"]
[SourceQuality "1"]
[TimeControl "600+2"]

1. d4 d5 2. c4 c6 3. cxd5 cxd5 4. Nf3 Nf6 5. Nc3 Nc6 6. Bf4 Bf5 7. e3 e6 8. Qb3 Bb4 9. Ne5 Bxc3+ 10. bxc3 Nxe5 11. Bxe5 O-O 12. Be2 Rc8 13. O-O Ne4 14. Rfc1 Qh4 15. Bg3 Qe7 16. a4 a6 17. c4 Nd2 18. Qa2 Nxc4 19. Bxc4 dxc4 20. Rxc4 b5 21. axb5 axb5 22. Rxc8 Rxc8 23. Qa6 Qd7 24. h4 h6 25. Qd6 Qb7 26. Qa6 Qd7 27. Qd6 Qb7 28. Qa6 Qd7 1/2-1/2

[Event "CCT Chessable Masters D-III 2024"]
[Site "Online"]
[Date "2024.02.02"]
[Round "2"]
[White "Mishra, Abhimanyu"]
[Black "Safarli, Eltaj"]
[Result "1/2-1/2"]
[ECO "B22"]
[WhiteElo "2627"]
[BlackElo "2604"]
[Annotator "RC"]
[PlyCount "120"]
[EventDate "2024.01.12"]
[EventType "k.o."]
[EventCountry "NET"]
[SourceTitle "playchess.com"]
[Source "ChessBase"]
[SourceQuality "1"]
[TimeControl "600+2"]

1. e4 c5 2. Nf3 e6 3. c3 d5 4. exd5 exd5 5. d4 Nf6 6. Bb5+ Bd7 7. Bxd7+ Nbxd7 8. O-O Be7 9. dxc5 Nxc5 10. Be3 O-O 11. Nbd2 Re8 12. Qc2 Qc7 13. Rad1 Rad8 14. Rfe1 Nce4 15. h3 Bc5 16. Bxc5 Qxc5 17. Nxe4 dxe4 18. Rxd8 Rxd8 19. Nd2 Qd5 20. Nxe4 Qxa2 21. Nxf6+ gxf6 22. Qf5 Qxb2 23. Re3 Qb6 24. Rg3+ Kf8 25. Qxh7 Rd1+ 26. Kh2 Re1 27. Qf5 Re5 28. Qc8+ Re8 29. Qg4 Qxf2 30. Qg7+ Ke7 31. Rf3 Qb6 32. h4 Qd6+ 33. Kh3 Qe6+ 34. Kh2 Qe5+ 35. Kh3 Rd8 36. Qh6 a5 37. h5 a4 38. Re3 Rd3 39. Rxd3 Qf5+ 40. Kh2 Qxd3 41. Qf4 Qe2 42. Qb4+ Ke6 43. Qb6+ Kf5 44. Qb1+ Kg5 45. Qxb7 Qxh5+ 46. Kg1 Qd1+ 47. Kh2 Qd6+ 48. Kg1 Qc5+ 49. Kh2 a3 50. Qxf7 Qe5+ 51. Kg1 Qxc3 52. Qg7+ Kf4 53. Qh6+ Ke4 54. Qh7+ Ke3 55. Qe7+ Kd2 56. Qd6+ Kc1 57. Qf4+ Kd1 58. Qg4+ Kd2 59. Qf4+ Qe3+ 60. Qxe3+ Kxe3 1/2-1/2

[Event "CCT Chessable Masters D-III 2024"]
[Site "Online"]
[Date "2024.02.02"]
[Round "2"]
[White "BilodeauA"]
[Black "Paravyan, David"]
[Result "1-0"]
[ECO "C43"]
[WhiteElo "2622"]
[BlackElo "2612"]
[Annotator "RC"]
[PlyCount "166"]
[EventDate "2024.01.12"]
[EventType "k.o."]
[EventCountry "NET"]
[SourceTitle "playchess.com"]
[Source "ChessBase"]
[SourceQuality "1"]
[TimeControl "600+2"]

1. e4 e5 2. Nf3 Nf6 3. d4 Nxe4 4. Nxe5 d6 5. Nd3 d5 6. Nf4 c6 7. Bd3 Bd6 8. Be3 O-O 9. Nd2 Bf5 10. Nxe4 Bxe4 11. Bxe4 dxe4 12. Qg4 Bxf4 13. Qxf4 Qa5+ 14. c3 Re8 15. O-O Nd7 16. c4 Rad8 17. h3 b5 18. Rfc1 Nb6 19. b3 bxc4 20. bxc4 Qa4 21. Rab1 Nxc4 22. Rb7 Rf8 23. Qg3 Nxe3 24. fxe3 a5 25. Kh2 Rde8 26. Qf2 Rb8 27. Rc7 Qa3 28. R1xc6 Qb2 29. Rc2 Qb6 30. R7c5 a4 31. Qf4 a3 32. R5c3 Qa6 33. Rc6 Qb5 34. Qxe4 Rbe8 35. Qf4 h6 36. R6c5 Qb1 37. Rf2 Qe1 38. Rf3 Qe2 39. Rg3 Re6 40. Qg4 Qxg4 41. hxg4 Rb8 42. Rc3 Ra6 43. e4 Ra4 44. Rgd3 Rd8 45. Rxa3 Rdxd4 46. Rxd4 Rxa3 47. Rd2 Kf8 48. Kg1 Ke7 49. Kf2 Kf6 50. Ke1 Kg5 51. Kd1 Kxg4 52. Kc1 Re3 53. a4 Rxe4 54. Ra2 Kg3 55. a5 Re7 56. Kd2 Kxg2 57. Kd3+ Kg3 58. a6 Ra7 59. Kc4 f5 60. Ra3+ Kg4 61. Kc5 f4 62. Kd4 g5 63. Ke4 h5 64. Ra5 h4 65. Ra1 h3 66. Rg1+ Kh4 67. Kf5 h2 68. Rh1 Kg3 69. Ra1 f3 70. Kxg5 Kg2 71. Ra2+ f2 72. Ra4 h1=Q 73. Rg4+ Kf1 74. Rd4 Qg2+ 75. Kf5 Rxa6 76. Ke5 Qg5+ 77. Ke4 Qg4+ 78. Kd3 Qxd4+ 79. Kxd4 Rd6+ 80. Ke3 Rd1 81. Kf3 Ke1 82. Kg3 f1=Q 83. Kh2 Rd3 1-0

[Event "CCT Chessable Masters D-III 2024"]
[Site "Online"]
[Date "2024.02.02"]
[Round "2"]
[White "Santos Latasa, Jaime"]
[Black "stSecond"]
[Result "1-0"]
[ECO "C83"]
[WhiteElo "2615"]
[BlackElo "2576"]
[Annotator "ChessBase"]
[PlyCount "165"]
[EventDate "2024.01.12"]
[EventType "k.o."]
[EventCountry "NET"]
[SourceTitle "playchess.com"]
[Source "ChessBase"]
[SourceQuality "1"]
[TimeControl "600+2"]

1. e4 e5 2. Nf3 Nc6 3. Bb5 a6 4. Ba4 Nf6 5. O-O Nxe4 6. d4 b5 7. Bb3 d5 8. dxe5 Be6 9. Be3 Be7 10. c3 Nc5 11. Bc2 Nd7 12. Nd4 Ncxe5 13. Nxe6 fxe6 14. Qh5+ Nf7 15. Qg4 Nf6 16. Qxe6 Qd7 17. Bf5 Qxe6 18. Bxe6 Bd6 19. Bd4 Ng5 20. Bf5 Kf7 21. Re1 g6 22. Bxf6 Kxf6 23. Bd7 Rhd8 24. Bc6 Rab8 25. h4 Ne4 26. Bxd5 Nxf2 27. Re6+ Kf5 28. Kxf2 Bc5+ 29. Ke1 Rxd5 30. Re2 Kg4 31. Nd2 Kxh4 32. Ne4 Rf8 33. a4 Bb6 34. b4 Kg4 35. a5 Ba7 36. Rc1 Rdf5 37. Kd2 Rf1 38. Rxf1 Rxf1 39. Kd3 h5 40. c4 bxc4+ 41. Kxc4 h4 42. Kd5 Rc1 43. Ke6 g5 44. Nf6+ Kg3 45. Nh5+ Kg4 46. Nf6+ Kg3 47. Nh5+ Kh2 48. Kf5 Rc4 49. Kxg5 Rxb4 50. g4+ Kh3 51. Nf6 Rb5+ 52. Kf4 Rb4+ 53. Ne4 c6 54. g5 Bb8+ 55. Kf5 Rb5+ 56. Kf6 Be5+ 57. Ke6 Ba1 58. g6 Re5+ 59. Kf7 Rf5+ 60. Ke6 Rxa5 61. Nf6 Rg5 62. Kf7 Bxf6 63. Kxf6 Rg4 64. g7 Kg3 65. Re3+ Kf2 66. Rh3 a5 67. Rxh4 Rxh4 68. g8=Q a4 69. Ke5 a3 70. Qf8+ Ke2 71. Qxa3 c5 72. Qb2+ Kd3 73. Qb3+ Ke2 74. Qb5+ Kf3 75. Qd3+ Kf2 76. Qf5+ Kg3 77. Qg5+ Rg4 78. Qe3+ Kg2 79. Kf5 Rd4 80. Kg5 Kf1 81. Qc3 Rd5+ 82. Kf4 Rd4+ 83. Kf3 1-0

[Event "CCT Chessable Masters D-III 2024"]
[Site "Online"]
[Date "2024.02.02"]
[Round "2"]
[White "ViIIagra"]
[Black "youngKID"]
[Result "1/2-1/2"]
[ECO "D00"]
[WhiteElo "2613"]
[BlackElo "2569"]
[Annotator "ChessBase"]
[PlyCount "137"]
[EventDate "2024.01.12"]
[EventType "k.o."]
[EventCountry "NET"]
[SourceTitle "playchess.com"]
[Source "ChessBase"]
[SourceQuality "1"]
[TimeControl "600+2"]

1. d4 Nf6 2. Nc3 d5 3. Bf4 a6 4. e3 c5 5. dxc5 Nc6 6. a3 e5 7. Bg5 Be6 8. b4 Be7 9. Nf3 O-O 10. Be2 h6 11. Bxf6 Bxf6 12. e4 dxe4 13. Nxe4 Be7 14. Ned2 f5 15. Bc4 Qc8 16. c3 Bf6 17. Qb3 Re8 18. Bxe6+ Qxe6 19. Qxe6+ Rxe6 20. Nb3 Rd8 21. Ke2 e4 22. Nfd4 Bxd4 23. Nxd4 Nxd4+ 24. cxd4 Rxd4 25. Rhd1 Rc4 26. Rac1 Rxc1 27. Rxc1 Kf7 28. Ke3 g5 29. g3 Ke7 30. a4 Kd7 31. b5 axb5 32. axb5 Kc7 33. Rd1 Re5 34. Kd4 Re8 35. Kc4 f4 36. b6+ Kc8 37. gxf4 gxf4 38. Re1 e3 39. fxe3 fxe3 40. Kd3 Re5 41. Kd4 Rh5 42. Rxe3 Rxh2 43. Re7 Rd2+ 44. Kc3 Rd7 45. Re8+ Rd8 46. Re7 Rh8 47. Kc4 h5 48. c6 bxc6 49. Kc5 h4 50. b7+ Kb8 51. Kb6 h3 52. Re1 c5 53. Ra1 Rh6+ 54. Kxc5 h2 55. Rh1 Kxb7 56. Kd4 Kc6 57. Ke3 Kd5 58. Kf3 Kd4 59. Kg2 Ke3 60. Rxh2 Rg6+ 61. Kh1 Kf3 62. Rh3+ Kf2 63. Rh2+ Kf1 64. Rh4 Rg1+ 65. Kh2 Rg2+ 66. Kh3 Re2 67. Rf4+ Rf2 68. Kg3 Rxf4 69. Kxf4 1/2-1/2

[Event "CCT Chessable Masters D-III 2024"]
[Site "Online"]
[Date "2024.02.02"]
[Round "2"]
[White "Paravyan, David"]
[Black "BilodeauA"]
[Result "1-0"]
[ECO "C50"]
[WhiteElo "2612"]
[BlackElo "2638"]
[Annotator "ChessBase"]
[PlyCount "55"]
[EventDate "2024.01.12"]
[EventType "k.o."]
[EventCountry "NET"]
[SourceTitle "playchess.com"]
[Source "ChessBase"]
[SourceQuality "1"]
[TimeControl "600+2"]

1. e4 e5 2. Nf3 Nc6 3. Bc4 Nf6 4. d3 Bc5 5. Be3 Bxe3 6. fxe3 d6 7. O-O Be6 8. Bb3 O-O 9. c4 Ne7 10. Nc3 c6 11. d4 Ng6 12. Qe1 a6 13. Ng5 Bd7 14. Rd1 h6 15. Nxf7 Rxf7 16. c5 d5 17. exd5 exd4 18. dxc6 Bxc6 19. exd4 Be8 20. Ne4 Nd5 21. Rxf7 Bxf7 22. Nd6 Qd7 23. Nxf7 Qxf7 24. Qe4 Ngf4 25. Rf1 Re8 26. Rxf4 Rxe4 27. Rxf7 Rxd4 28. Rd7 1-0

[Event "CCT Chessable Masters D-III 2024"]
[Site "Online"]
[Date "2024.02.02"]
[Round "2"]
[White "Safarli, Eltaj"]
[Black "Mishra, Abhimanyu"]
[Result "1/2-1/2"]
[ECO "B50"]
[WhiteElo "2604"]
[BlackElo "2627"]
[Annotator "ChessBase"]
[PlyCount "59"]
[EventDate "2024.01.12"]
[EventType "k.o."]
[EventCountry "NET"]
[SourceTitle "playchess.com"]
[Source "ChessBase"]
[SourceQuality "1"]
[TimeControl "600+2"]

1. e4 c5 2. Nf3 d6 3. Nc3 Nf6 4. e5 dxe5 5. Nxe5 a6 6. g3 Qd6 7. Nf3 b5 8. Bg2 Bb7 9. O-O e6 10. d3 Be7 11. a4 b4 12. Nb1 O-O 13. Nbd2 Nc6 14. Nc4 Qd8 15. Re1 Nd5 16. h4 Bf6 17. Ng5 h6 18. Ne4 Be7 19. a5 Qc7 20. Qg4 f5 21. Qg6 fxe4 22. Bxh6 Bf6 23. Bxe4 Nce7 24. Qh7+ Kf7 25. Bxg7 Bxg7 26. Qh5+ Kf6 27. Qg5+ Kf7 28. Qh5+ Kf6 29. Qg5+ Kf7 30. Qh5+ 1/2-1/2